 Dungeon Crawl Stone Soup version 0.30-a0-4-ga7cffc901d (webtiles) character file.

Game seed: 10486049921658978090

93 Setbun the Sneak (level 4, 25/25 HPs)
             Began as a Kobold Enchanter on Aug 20, 2022.
             Quit the game in the Ecumenical Temple.
             The game lasted 00:03:40 (3399 turns).

Setbun the Sneak (Kobold Enchanter)                 Turns: 3399, Time: 00:03:41

Health: 25/25      AC:  2    Str:  5    XL:     4   Next: 91%
Magic:  7/7        EV: 15    Int: 16    God:
Gold:   105        SH:  0    Dex: 17    Spells: 5/7 levels left

rFire   + . .      SeeInvis .    s - +1 dagger (speed)
rCold   . . .      Faith    .    (no shield)
rNeg    . . .      Spirit   .    b - +0 robe
rPois   .          Reflect  .    (no helmet)
rElec   .          Harm     .    (no cloak)
rCorr   .          Rampage  .    (no gloves)
Will    .....                    (no boots)
Stlth   ++++......               l - amulet of regeneration
HPRegen 0.88/turn                o - ring of protection from fire
MPRegen 0.10/turn                (no ring)

@: no status effects
A: small, no large weapons, nightstalker 3
a: no special abilities


You were in the Ecumenical Temple.
You visited 2 branches of the dungeon, and saw 5 of its levels.

You collected 105 gold pieces.

Inventory:

Hand Weapons
 a - a +1 dagger
 s - a +1 dagger of speed (weapon)
Armour
 b - a +0 robe (worn)
Jewellery
 l - an amulet of regeneration (around neck)
 o - a ring of protection from fire (left hand)
Wands
 r - a wand of flame (28)
Scrolls
 f - a scroll of poison {unknown}
 g - a scroll of teleportation {unknown}
 h - 2 scrolls of enchant weapon {unknown}
 i - a scroll of vulnerability {unknown}
 j - a scroll of amnesia {unknown}
 m - a scroll of identify {unknown}
 n - a scroll of blinking {unknown}
Potions
 c - 2 potions of invisibility
 d - 3 potions of attraction {unknown}
 e - 2 potions of degeneration {unknown}
 k - a potion of curing {unknown}
 p - a potion of heal wounds {unknown}
 q - a potion of flight {unknown}


   Skills:
 + Level 1.5 Fighting
 * Level 3.3 Short Blades
 + Level 3.1 Dodging
 * Level 5.3 Stealth
 - Level 2.1 Spellcasting
 - Level 3.0 Hexes


You had 5 spell levels left.
You knew the following spells:

 Your Spells              Type           Power      Damage    Failure   Level
a - Ensorcelled Hibernat  Hex/Ice        12%        N/A       17%         2

Your spell library contained the following spells:

 Spells                   Type           Power      Damage    Failure   Level
 Confusing Touch          Hex            11%        N/A       19%         3
 Tukima's Dance           Hex            11%        N/A       19%         3
 Dazzling Flash           Conj/Hex       12%        N/A       32%         3
 Chain Lightning          Conj/Air       0%         2d1       100%        9
 Fire Storm               Conj/Fire      0%         6d1       100%        9
 Shatter                  Erth           0%         3d5*      100%        9


Dungeon Overview and Level Annotations

Branches:
Dungeon (6/15)             Temple (1/1) D:6

Altars:
Ashenzari
Cheibriados
Elyvilon
Gozag
Hepliaklqana
Makhleb
Nemelex Xobeh
Okawaru
Qazlal
Uskayaw
The Shining One


Innate Abilities, Weirdness & Mutations

You are small and have problems with some larger weapons.
You are completely attuned to the shadows.


Message History

Moving in this stuff is going to be slow.
You enter the shallow water.
Moving in this stuff is going to be slow.
You enter the shallow water.
Moving in this stuff is going to be slow.
You enter the shallow water.
Moving in this stuff is going to be slow.
There is a staircase back to the Dungeon here.
You enter the shallow water.
Moving in this stuff is going to be slow.
Partly explored, can't reach some places.
Partly explored, can't reach some places.
There is an iron altar of Okawaru here.
There is a hide-covered altar of Uskayaw here.
There is an opulent altar of Gozag here.
There is a stormy altar of Qazlal here.
There is a hazy altar of Hepliaklqana here.
You enter the shallow water.
Moving in this stuff is going to be slow.
You enter the shallow water.
Moving in this stuff is going to be slow.
There is a white marble altar of Elyvilon here.
You enter the shallow water.
Moving in this stuff is going to be slow.
There is a sparkling altar of Nemelex Xobeh here.
You enter the shallow water.
Moving in this stuff is going to be slow.
There is a broken altar of Ashenzari here.
There is a hide-covered altar of Uskayaw here.
You enter the shallow water.
Moving in this stuff is going to be slow.
There is a snail-covered altar of Cheibriados here.
You enter the shallow water.
Moving in this stuff is going to be slow.
There is an iron altar of Okawaru here.
There is a hide-covered altar of Uskayaw here.
There is a broken altar of Ashenzari here.
You enter the shallow water.
Moving in this stuff is going to be slow.
Are you sure you want to abandon this character and quit the game? (Confirm with "yes".)

≈≈≈≈≈≈≈≈≈≈≈≈≈≈≈≈≈≈≈≈≈≈≈≈≈
≈≈≈≈≈≈≈≈≈≈≈≈≈≈≈≈≈≈≈≈≈≈≈≈≈≈≈
≈≈≈≈≈≈≈≈≈≈≈≈≈≈≈≈≈≈≈≈≈≈≈≈≈≈≈
≈≈≈≈≈≈≈≈≈≈≈≈≈≈≈≈≈≈≈≈~≈≈≈≈≈≈
≈≈≈≈≈≈≈~~≈~~~~≈~~~~~~~~~~~~~
≈≈≈≈≈~~...###~.#~#~.#.#~#.##
≈≈≈≈≈≈#.._.8~_~.~...~_~8~_~8
≈≈≈≈≈~#~~~~~~.....~..~.~~.~.
≈≈≈≈~≈.~..~@~~~..~.~.~.~~...
≈≈≈≈≈~#~~~.....~.~.~.~~....~
≈≈≈≈≈≈.~~..~~~~~.~.~~..~.~..
≈≈≈≈≈~#~~.~~~.~.~~..~~.~.~.~
≈≈≈≈≈~#.._~.~_..._~8._.8..~.
≈≈≈≈≈.##~~#~#~..~~#~.~~.~#~
≈≈≈≈≈≈~~≈~~~≈~≈~~~~~~~~≈~≈≈
≈≈≈≈≈≈≈≈≈≈≈≈≈≈≈≈~~~~~≈≈≈≈≈≈
≈≈≈≈≈≈≈≈≈≈≈≈≈≈≈≈≈≈~~≈≈≈≈≈≈≈


There were no monsters in sight!

Vanquished Creatures
  Ijyb (D:3)
  An adder (D:3)
  4 dart slugs
  An orc (D:3)
  9 ball pythons
  5 bats
  An endoplasm (D:3)
  A giant cockroach (D:1)
  2 goblins (D:2)
  3 hobgoblins (D:2)
  6 jackals (D:1)
  4 quokkas
  3 frilled lizards (D:1)
  4 kobolds
45 creatures vanquished.

Notes
Turn   | Place    | Note
-------+----------+-------------------------------------------
     0 | D:1      | Setbun the Kobold Enchanter began the quest for the Orb.
     0 | D:1      | Reached XP level 1. HP: 10/10 MP: 3/3
   148 | D:1      | Reached XP level 2. HP: 2/16 MP: 5/5
   689 | D:1      | Reached XP level 3. HP: 3/20 MP: 6/6
  1140 | D:1      | Found a faded altar of an unknown god.
  1167 | D:1      | Reached skill level 1 in Fighting
  2368 | D:2      | Reached skill level 5 in Stealth
  2459 | D:3      | Reached XP level 4. HP: 22/25 MP: 7/7
  2525 | D:2      | Learned a level 2 spell: Ensorcelled Hibernation
  2593 | D:3      | Found a burning altar of Makhleb.
  2708 | D:3      | Noticed Ijyb
  2712 | D:3      | Killed Ijyb
  3091 | D:3      | Found a glowing golden altar of the Shining One.
  3131 | D:3      | You fall into a shaft and drop 3 floors!
  3138 | D:6      | Found a staircase to the Ecumenical Temple.
  3144 | Temple   | Entered the Ecumenical Temple
  3399 | Temple   | Quit the game

Illustrated notes

Levels and vault maps discovered:
D:1:      dpeg_arrival_long_road, layout_basic, ebering_ecumenical_altar_hall
D:2:      layout_loops_ring, grunt_decor_junction
D:3:      layout_basic, overflow_temple_1_default, lemuel_crystal_altar,
          feat_on_display, uniq_ijyb
D:6:      layout_cave_pods, mainiacjoe_overflow_big_doors,
          minmay_temple_entry_antechambers
Temple:   chequers_temple_sunken

Skill      XL: |  1  2  3  4 |
---------------+-------------+-----
Short Blades   | 2 3 |  3.3
Fighting       | 1 |  1.5
Stealth        | 5 |  5.3
Dodging        | 3 |  3.1
Spellcasting   | |  2.1
Hexes          | |  3.0

Action                   |  1- 3 |  4- 6 || total
-------------------------+-------+-------++-------
Melee: Dagger            |   107 |    33 ||   140
       Punch             |       |     1 ||     1
 Cast: Ensorcelled Hiber |       |     2 ||     2
 Stab: Sleeping          |    19 |     5 ||    24
       Distracted        |     1 |       ||     1
Armor: Robe              |    17 |     4 ||    21
Dodge: Dodged            |    85 |    11 ||    96

Table legend: (Time is in decaauts)
 A = Elapsed time spent in this place.
 B = Non-inter-level travel time spent in this place.
 C = Inter-level travel time spent in this place.
 D = Time resting spent in this place.
 E = Time spent auto-exploring this place.
 F = Levels seen in this place.
 G = Mean time per level.
                   A        B        C        D        E       F      G
               +--------+--------+--------+--------+--------+-----+--------+
         Total |   3425 |   3289 |    136 |    572 |   2378 |   5 |  685.0 |
       Dungeon |   3122 |   3067 |     55 |    572 |   2167 |   4 |  780.5 |
        Temple |    303 |    222 |     81 |      0 |    211 |   1 |  303.0 |
               +--------+--------+--------+--------+--------+-----+--------+

Top non-repeatable levels by time:
     D:1: 1503 daAuts
     D:2: 926 daAuts
     D:3: 677 daAuts
  Temple: 303 daAuts
     D:6: 15 daAuts
